 Dungeon Crawl Stone Soup version 0.29-a0-459-g97dee8cd24 (webtiles) character file.

Game seed: 13207206956864026131

20451 siradein the Grappler (level 12, -3/126 HPs)
             Began as a Troll Berserker on May 20, 2022.
             Was a High Priest of Trog.
             Slain by a blink frog (12 damage)
             ... on level 3 of the Lair of Beasts.
             The game lasted 00:24:14 (13327 turns).

siradein the Grappler (Troll Berserker)            Turns: 13327, Time: 00:24:15

Health: -3/126     AC: 11    Str: 36    XL:     12   Next: 45%
Magic:  20/20      EV: 12    Int:  3    God:    Trog [*****.]
Gold:   1229       SH:  0    Dex:  9    Spells: 11/11 levels left

rFire   + + .      SeeInvis +     - Unarmed
rCold   . . .      Faith    +   (no shield)
rNeg    . . .      Spirit   .   N - +0 acid dragon scales
rPois   .          Reflect  .   S - +1 hat
rElec   .          Harm     .   M - +0 cloak of Ennui {Will++}
rCorr   +          Rampage  .   (gloves unavailable)
Will    ++++.                   (boots unavailable)
Stlth   +.........              q - amulet of Puchohoj {Faith rF+ MP+9 Str+4}
HPRegen 2.11/turn               n - ring of protection from fire
MPRegen 0.17/turn               y - ring of see invisible

@: strong-willed, on berserk cooldown, regenerating, slowed, very slow
A: large, unfitting armour, claws 3, regeneration 1, shaggy fur 1, tough skin 1
a: Renounce Religion, Berserk, Trog's Hand, Brothers in Arms


You were on level 3 of the Lair of Beasts.
You worshipped Trog.
Trog was extremely pleased with you.
You visited 2 branches of the dungeon, and saw 14 of its levels.
You also visited: Sewer and Ossuary.

You collected 1229 gold pieces.

Inventory:

Missiles
 a - 3 curare-tipped darts
 b - 47 poisoned darts
 c - 507 stones
 j - 2 throwing nets
 w - 6 atropa-tipped darts
 x - 6 javelins
 X - 6 boomerangs (quivered)
Armour
 M - the +0 cloak of Ennui (worn) {Will++}
   (You found it on level 8 of the Dungeon)

   Will:      It greatly increases your willpower.
 N - +0 acid dragon scales (worn)
 S - a +1 hat (worn)
Jewellery
 n - a ring of protection from fire (left claw)
 q - the amulet of Puchohoj (around neck) {Faith rF+ MP+9 Str+4}
   (You found it on level 2 of the Dungeon)

   [amulet of faith]

   It allows you to gain divine favour quickly.
   Str:       It affects your strength (+4).
   rF:        It protects you from fire.
   MP:        It affects your magic capacity (+9).
 y - a ring of see invisible (right claw)
 R - a ring of ice
 Y - an amulet of regeneration
Wands
 p - a wand of digging (5)
 C - a wand of iceblast (14)
 O - a wand of flame (8)
Scrolls
 f - 3 scrolls of fog
 i - 7 scrolls of teleportation
 k - 3 scrolls of blinking
 l - 2 scrolls of poison
 o - 2 scrolls of enchant weapon
 t - 2 scrolls of amnesia {unknown}
 u - 5 scrolls of magic mapping {unknown}
 z - 3 scrolls of immolation {unknown}
 J - a scroll of enchant armour {unknown}
 K - 5 scrolls of vulnerability
 L - a scroll of acquirement {unknown}
 Q - a scroll of torment {unknown}
 T - a scroll of silence {unknown}
 U - a scroll of noise {unknown}
 V - a scroll of fear {unknown}
 W - a scroll of identify
Potions
 d - 7 potions of haste
 e - 2 potions of invisibility
 g - a potion of cancellation {unknown}
 h - 10 potions of curing
 m - 8 potions of lignification
 r - a potion of ambrosia {unknown}
 s - 3 potions of berserk rage {unknown}
 v - 6 potions of heal wounds
 A - 2 potions of flight {unknown}
 B - 2 potions of mutation {unknown}
 D - 2 potions of attraction {unknown}
 E - 2 potions of resistance
 F - 3 potions of magic {unknown}
 G - 2 potions of degeneration {unknown}
 H - 3 potions of brilliance {unknown}
 I - a potion of might {unknown}
Miscellaneous
 P - a lightning rod (4/4)


   Skills:
 + Level 9.9 Fighting
 + Level 4.9 Throwing
 + Level 4.3 Armour
 + Level 9.9 Dodging
 + Level 11.7 Unarmed Combat


You had 11 spell levels left.
You didn't know any spells.
Your spell library was empty.

Dungeon Overview and Level Annotations

Branches:
Dungeon (11/15)            Temple (0/1) D:6            Lair (3/6) D:11
 Shoals (0/4) Lair:3        Snake (0/4) Lair:3          Orc (0/2) D:11
  Sewer (visited)         Ossuary (visited)

Altars:
Elyvilon
Hepliaklqana
Kikubaaqudgha
Nemelex Xobeh
Okawaru
Uskayaw
The Shining One

Shops:
D:7 (

Annotations:
D:9 3 runed translucent doors, SkeletonJelly's ghost, novice MiFi
Lair:1 1 runed translucent door


Innate Abilities, Weirdness & Mutations

You are too large for most types of armour.
You have claws for hands.
Your natural rate of healing is unusually fast.
You are covered in fur. (AC +1)
You have tough skin. (AC +1)


Message History

The blink frog blinks!
You are no longer berserk.
You are exhausted.
You feel yourself slow down.
You feel sick.
The blink frog blinks!
The water moccasin bites you.
* * * LOW HITPOINT WARNING * * *
The blink frog blinks! x2
You miss the water moccasin.
The water moccasin is heavily wounded.
You feel sick. The water moccasin barely misses you. The blink frog hits you!
* * * LOW HITPOINT WARNING * * *
The water moccasin closely misses you.
Your skin crawls.
You feel strong-willed.
You feel sick. The blink frog barely misses you. The water moccasin bites you.
* * * LOW HITPOINT WARNING * * *
The blink frog hits you.
* * * LOW HITPOINT WARNING * * *
The blink frog blinks! x2; The water moccasin misses you.
You mangle the water moccasin!!
You kill the water moccasin!
Trog accepts your kill.
You feel sick. The blink frog hits you.
* * * LOW HITPOINT WARNING * * *
The blink frog closely misses you.
You completely miss the blink frog.
You feel sick. The blink frog hits you.
* * * LOW HITPOINT WARNING * * *
The blink frog hits you but does no damage. x2
The blink frog blinks!
You mangle the blink frog!!
You kill the blink frog!
Trog accepts your kill.
You feel sick.
You are no longer poisoned.
The blink frog hits you but does no damage.
The blink frog hits you.
* * * LOW HITPOINT WARNING * * *
The blink frog blinks!
The blink frog barely misses you. The blink frog hits you!
You die...

#.##..###≈##≈≈.##
####.≈≈#..≈##≈..#
#....≈...≈≈..###
#...###.#......#
#...# ###.......
#...# ##.......
#. # #####..#
#........
....#.#P.....#
##.......
.....F†.@.P§.#
##.>..#.#
>....##FF.#..#
#......## §..
#####..# ##.....#
. #..# #......#
#..# ##....##
#..# #.....## ..P
#......# #.....P#
##....##


You could see 3 blink frogs.

Vanquished Creatures
  Gastronok (Lair:2)
  A hydra (D:11)
  Fannar (Lair:2)
  A two-headed ogre (D:10)
  Erica (D:8)
  A centaur warrior (D:11)
  Maurice (D:8)
  3 black mambas
  A gargoyle (D:11)
  2 cane toads
  6 komodo dragons
  2 rime drakes (Lair:3)
  A polar bear (Lair:1)
  A troll (D:9)
  Grinder (Sewer)
  4 blink frogs
  A shadow (D:11)
  A wraith (D:11)
  10 yaks
  Eustachio (D:5)
  2 steam dragons
  2 basilisks
  8 vampire mosquitoes
  3 acid dragons
  10 water moccasins
  5 orc warriors
  3 black bears
  An ice beast (D:7)
  4 ogres
  24 wolves
  A phantom (D:6)
  6 centaurs
  5 kobold brigands
  2 elf zombies (Ossuary)
  9 bullfrogs
  A gnoll sergeant (D:11)
  A necrophage (D:5)
  4 killer bees (D:10)
  2 howler monkeys
  2 quasits (Sewer)
  4 hounds
  A jelly (D:5)
  2 human zombies (Ossuary)
  5 orc priests
  A gnoll shaman (D:9)
  Terence (D:2)
  3 iguanas
  8 orc wizards
  A hound zombie (Ossuary)
  4 mummies (Ossuary)
  10 adders
  10 gnolls
  A river rat (D:6)
  4 shadow imps (Sewer)
  A white imp (D:5)
  6 ufetubi (Sewer)
  3 worms
  2 dart slugs
  32 orcs
  6 bats
  6 endoplasms
  5 giant cockroaches
  5 goblins
  12 hobgoblins
  11 jackals
  42 kobolds
  2 quokkas (D:5)
  12 ball pythons
  4 frilled lizards
  A goblin zombie (Ossuary)
  A hobgoblin zombie (Ossuary)
  A jackal zombie (Ossuary)
  3 kobold zombies
  An orc zombie (Ossuary)
  2 rats
  2 rat zombies (Ossuary)
351 creatures vanquished.

Vanquished Creatures (others)
  An endoplasm (Sewer)
  2 kobold zombies (Sewer)
  15 fungi
  30 plants
48 creatures vanquished.

Grand Total: 399 creatures vanquished

Notes
Turn   | Place    | Note
-------+----------+-------------------------------------------
     0 | D:1      | siradein the Troll Berserker began the quest for the Orb.
     0 | D:1      | Reached XP level 1. HP: 22/22 MP: 0/0
   282 | D:1      | Reached XP level 2. HP: 29/29 MP: 1/1
   707 | D:1      | Reached XP level 3. HP: 36/36 MP: 2/2
   931 | D:2      | Reached ** piety under Trog
   981 | D:2      | Identified the amulet of Puchohoj {Faith rF+ MP+9 Str+4}
  1073 | D:2      | Noticed Terence
  1085 | D:2      | Killed Terence
  1086 | D:2      | Reached XP level 4. HP: 35/45 MP: 3/3
  1524 | D:3      | Reached skill level 4 in Unarmed Combat
  1704 | D:3      | Found a faded altar of an unknown god.
  1747 | D:3      | You fall into a shaft and drop 1 floor!
  1948 | D:4      | Reached *** piety under Trog
  2002 | D:4      | Reached XP level 5. HP: 48/53 MP: 4/4
  2984 | D:4      | Reached XP level 6. HP: 61/62 MP: 5/5
  3469 | D:5      | Entered Level 5 of the Dungeon
  3590 | D:5      | Reached **** piety under Trog
  3591 | D:5      | Reached skill level 5 in Unarmed Combat
  3659 | D:5      | Found a sand-covered staircase.
  3698 | Ossuary  | Entered an ossuary
  3714 | Ossuary  | Reached XP level 7. HP: 40/70 MP: 6/6
  4400 | D:5      | Noticed Eustachio
  4414 | D:5      | Killed Eustachio
  4415 | D:5      | Reached skill level 5 in Dodging
  4415 | D:5      | Reached skill level 6 in Unarmed Combat
  4568 | D:5      | Reached skill level 5 in Fighting
  4763 | D:6      | Reached XP level 8. HP: 40/80 MP: 7/7
  4826 | D:6      | Found a staircase to the Ecumenical Temple.
  4852 | D:6      | Found a glowing drain.
  4866 | Sewer    | Entered a sewer
  4992 | Sewer    | Reached ***** piety under Trog
  5002 | Sewer    | Found a burning altar of Makhleb.
  5034 | Sewer    | Noticed Grinder
  5074 | Sewer    | Paralysed by Grinder for 4 turns
  5080 | Sewer    | Killed Grinder
  5369 | D:6      | Found a hazy altar of Hepliaklqana.
  5424 | D:6      | Reached skill level 7 in Unarmed Combat
  5749 | D:6      | Found a white marble altar of Elyvilon.
  5914 | D:6      | Reached XP level 9. HP: 70/89 MP: 8/8
  6209 | D:7      | Found Boet's Weapon Shoppe.
  6550 | D:8      | Noticed Maurice
  6570 | D:8      | Killed Maurice
  6571 | D:8      | Reached skill level 8 in Unarmed Combat
  6574 | D:8      | Noticed Erica
  6588 | D:8      | Killed Erica
  6663 | D:8      | Received a gift from Trog
  6876 | D:8      | Identified the +0 cloak of Ennui {Will++}
  7083 | D:8      | Found an ancient bone altar of Kikubaaqudgha.
  7272 | D:9      | Noticed a troll
  7282 | D:9      | Killed a troll
  7283 | D:9      | Reached XP level 10. HP: 97/102 MP: 9/9
  7380 | D:9      | Reached skill level 9 in Unarmed Combat
  7505 | D:9      | Found a runed translucent gate.
  7506 | D:9      | Found a runed translucent gate.
  7506 | D:9      | Noticed a spectral centaur warrior
  7507 | D:9      | Found a runed translucent gate.
  7865 | D:9      | Found an iron altar of Okawaru.
  7886 | D:9      | Found a hide-covered altar of Uskayaw.
  7886 | D:9      | Found a glowing golden altar of the Shining One.
  8147 | D:9      | Noticed SkeletonJelly's ghost (novice MiFi)
  8219 | D:10     | Entered Level 10 of the Dungeon
  8411 | D:10     | Noticed a two-headed ogre
  8430 | D:10     | Killed a two-headed ogre
  8600 | D:10     | Received a gift from Trog
  8682 | D:10     | Found a sparkling altar of Nemelex Xobeh.
  8862 | D:10     | Reached skill level 10 in Unarmed Combat
  8990 | D:10     | Identified the +4 quarterstaff "Lifebane" {holy, rN+ SInv}
  9250 | D:11     | Reached XP level 11. HP: 113/113 MP: 10/10
  9385 | D:11     | Found a staircase to the Orcish Mines.
  9423 | D:11     | Noticed a four-headed hydra
  9432 | D:11     | Killed a seven-headed hydra
  9433 | D:11     | Reached skill level 1 in Throwing
  9561 | D:11     | Reached skill level 1 in Armour
 10039 | D:11     | Found a staircase to the Lair.
 10477 | D:11     | Noticed a centaur warrior
 10490 | D:11     | Killed a centaur warrior
 10719 | Lair:1   | Entered Level 1 of the Lair of Beasts
 11068 | Lair:1   | Found a runed translucent door.
 11720 | Lair:2   | Identified the +1 robe of Haibb {rC++ MP-9 Int+8}
 11759 | Lair:2   | Reached skill level 11 in Unarmed Combat
 11811 | Lair:2   | Noticed Fannar
 11818 | Lair:2   | Killed Fannar
 11979 | Lair:2   | Noticed Gastronok
 12003 | Lair:2   | Killed Gastronok
 12119 | Lair:2   | Reached XP level 12. HP: 107/124 MP: 11/11
 12486 | Lair:2   | Received a gift from Trog
 12728 | Lair:3   | Found a staircase to the Shoals.
 13290 | Lair:3   | Found a staircase to the Snake Pit.
 13327 | Lair:3   | Slain by a blink frog

Illustrated notes

Levels and vault maps discovered:
D:1:      erik_arrival_cave_to_civilisation [erik_arrival_cave_to_hall],
          layout_basic
D:2:      minmay_door_path, layout_basic, uniq_terence
D:3:      layout_loops_ring, dreamdust_ecumenical_altar_statues
D:4:      minmay_spotlight, layout_layer_cave
D:5:      minmay_bubble_buster, layout_loops_corners,
          nicolae_ossuary_entry_false_entrances, uniq_eustachio
D:6:      layout_gridville, nicolae_hepliaklqana_hippocampus, elyvilon_altar_3,
          minmay_temple_entry_glass, portal_sewer_entry_a
D:7:      layout_cave_pools, serial_shops, nicolae_shop_bloodbath_and_beyond
D:8:      layout_gridville, kiku_gazebo_pond_becter, uniq_erica, uniq_maurice
D:9:      layout_long_grid, gammafunk_temple_overflow_forgotten,
          gammafunk_ghost_necromancy
D:10:     layout_roguey, nemelex_diamond_rough_becter
D:11:     layout_layer_cave, grunt_lair_entry_orc_guard_hut, orc_0_dummy,
          minivault_22
Lair:1:   gammafunk_indiana_jones, layout_regular_city
Lair:2:   layout_chaotic_city, wad_woods_road_06, minivault_19, uniq_gastronok,
          uniq_fannar
Lair:3:   layout_long_grid, elwin_shoals_entry_rocks,
          minmay_snake_entry_six_corridors, beast_lair_carwin_10

Skill      XL: |  1  2  3  4  5  6  7  8  9 10 11 12 |
---------------+-------------------------------------+-----
Fighting       | 3 4 5 6 7 8 9 |  9.9
Dodging        | 3 4 5 6 7 8 9 |  9.9
Unarmed Combat | 4 5 6 7 8 10 11 | 11.7
Throwing       | 3 4 |  4.9
Armour         | 3 4 |  4.3

Action                   |  1- 3 |  4- 6 |  7- 9 | 10-12 || total
-------------------------+-------+-------+-------+-------++-------
Melee: Unarmed           |    69 |   186 |   281 |   519 ||  1055
       Punch             |     3 |     3 |    12 |    34 ||    52
Throw: Stone             |    24 |       |       |       ||    24
       Dart              |       |       |     8 |     3 ||    11
Invok: Berserk           |       |       |     2 |     4 ||     6
       Trog's Hand       |       |       |     1 |     2 ||     3
  Use: Scroll            |       |       |    10 |       ||    10
 Stab: Sleeping          |       |     1 |       |       ||     1
Armor: Animal skin       |    28 |    72 |   119 |       ||   219
       Steam dragon scal |       |       |     3 |    21 ||    24
       Acid dragon scale |       |       |       |   199 ||   199
Dodge: Dodged            |    35 |   102 |   198 |   384 ||   719

Table legend: (Time is in decaauts)
 A = Elapsed time spent in this place.
 B = Non-inter-level travel time spent in this place.
 C = Inter-level travel time spent in this place.
 D = Time resting spent in this place.
 E = Time spent auto-exploring this place.
 F = Levels seen in this place.
 G = Mean time per level.
                   A        B        C        D        E       F      G
               +--------+--------+--------+--------+--------+-----+--------+
         Total |  13234 |  12896 |    338 |    507 |   9836 |  16 |  827.1 |
       Dungeon |   9996 |   9733 |    263 |    257 |   7762 |  11 |  908.7 |
          Lair |   2569 |   2494 |     75 |    200 |   1762 |   3 |  856.3 |
         Sewer |    395 |    395 |      0 |      0 |    196 |   1 |  395.0 |
       Ossuary |    273 |    273 |      0 |     49 |    115 |   1 |  273.0 |
               +--------+--------+--------+--------+--------+-----+--------+

Top non-repeatable levels by time:
    D:11: 1568 daAuts
     D:4: 1277 daAuts
     D:9: 1024 daAuts
     D:5: 990 daAuts
  Lair:2: 959 daAuts
  Lair:1: 930 daAuts
     D:6: 929 daAuts
    D:10: 830 daAuts
     D:8: 755 daAuts
     D:1: 744 daAuts
     D:3: 725 daAuts
     D:2: 707 daAuts
  Lair:3: 679 daAuts
     D:7: 441 daAuts
   Sewer: 395 daAuts
